Map: Triton LE

Players

Pfoe

  • Race: Terran Terran
  • League: Grandmaster
  • Spawn Location: 5:00

AGiantSmurf - Winner!

  • Race: Protoss Protoss
  • League: Grandmaster
  • Spawn Location: 11:00

VOD

Have the link to the VOD?

Description

Time

  • Played on: Aug. 28, 2019, 12:10 a.m.
  • Length: 8:24
Show
View Real Time Build Order
Export as new Build Order

Pfoe Terran 

Build Orders: Reaper Expand 

Get SALT Encoding   

  12  0:00  SCV  
  13  0:12  SCV  
  14  0:17  Supply Depot  
  14  0:24  SCV  
  15  0:39  SCV  
  15  0:40  Barracks  
  16  0:43  Refinery  
  16  0:51  SCV  
  17  1:03  SCV  
  18  1:15  SCV  
  19  1:27  Orbital Command, Reaper  
  20  1:43  Command Center  
  20  1:50  Supply Depot  
  20  1:53  SCV  
  21  2:00  Barracks Reactor  
  21  2:05  SCV  
  22  2:18  Bunker, SCV  
  22  2:21  Factory  
  23  2:24  Refinery  
  23  2:30  SCV  
  23  2:36  Marine x2  
  26  2:42  SCV  
  27  2:55  Orbital Command  
  27  3:06  Marine x2, SCV  
  27  3:08  Widow Mine, Starport  
  32  3:18  SCV  
  33  3:20  SCV  
  33  3:23  Supply Depot  
  33  3:24  Marine x2  
  36  3:29  Widow Mine  
  36  3:30  SCV  
  36  3:33  SCV  
  40  3:42  SCV  
  40  3:44  Marine x2  
  40  3:45  Medivac  
  40  3:47  Barracks  
  40  3:48  SCV  
  46  3:54  SCV  
  46  3:55  Supply Depot  
  47  3:59  Factory Tech Lab  
  47  4:00  SCV  
  48  4:05  Supply Depot, Marine x2  
  48  4:06  SCV  
  51  4:12  SCV  
  52  4:18  SCV  
  54  4:24  Raven, SCV  
  54  4:27  Factory Tech Lab  
  54  4:28  Barracks, Engineering Bay  
  54  4:31  SCV  
  57  4:32  Refinery  
  57  4:38  Marine x2  
  57  4:41  SCV  
  57  4:44  Supply Depot  
  60  4:49  SCV  
  61  4:55  Marauder, Stimpack  
  61  4:56  Marine x2, SCV  
  61  4:57  Factory Reactor  
  61  4:59  Refinery, Terran Infantry Weapons Level 1  
  66  5:01  Supply Depot  
  66  5:13  SCV  
  66  5:14  Marine x2  
  67  5:15  Starport Reactor  
  67  5:16  Marauder  
  67  5:17  Supply Depot, SCV  
  72  5:24  Supply Depot  
  72  5:25  SCV  
  73  5:29  SCV  
  73  5:31  Marauder  
  73  5:32  Marine x2  
  78  5:36  Widow Mine x2  
  78  5:37  SCV  
  78  5:38  Marauder  
  78  5:40  Supply Depot  
  78  5:42  SCV  
  86  5:49  SCV  
  87  5:53  Combat Shield, Marauder  
  87  5:54  Marine x2  
  91  5:57  Medivac x2  
  91  5:59  Marauder  
  97  6:04  Widow Mine  
  97  6:05  Widow Mine  
  97  6:08  Supply Depot  
  97  6:11  Supply Depot  
  95  6:17  Marine x2  
  95  6:18  Marauder  
  99  6:21  Marauder  
  100  6:35  Marine x2  
  100  6:39  Marauder  
  104  6:42  Marauder  
  105  6:47  Widow Mine x2, Medivac x2  
  105  6:53  Marine  
  112  6:54  Marine  
  112  7:01  Marauder  
  114  7:03  Marauder, Command Center  
  116  7:10  Marine  
  116  7:12  Marine  
  116  7:14  Barracks  
  117  7:16  Barracks  
  117  7:18  SCV  
  117  7:19  SCV  
  117  7:22  Marauder  
  120  7:23  Supply Depot  
  117  7:38  Marine x2  
  117  7:39  Widow Mine, Marauder, Hellion  
  117  7:43  Marauder  
  98  7:56  Marine x2  
  87  8:00  Marauder, SCV x2  
  89  8:11  Barracks Tech Lab, Barracks Reactor  
  89  8:12  Engineering Bay  
  94  8:13  Armory  
Show
View Real Time Build Order
Export as new Build Order

AGiantSmurf Protoss - Winner!

Build Orders: 1 Gate Expand, Double Forge, Phoenix Opening, Blink Stalkers 

Get SALT Encoding   

  12  0:00  Probe  
  13  0:13  Probe  
  14  0:19  Pylon  
  14  0:24  Probe  
  15  0:33  Probe  
  15  0:38  Gateway  
  15  0:41  Probe  
  16  0:47  Assimilator  
  17  0:52  Probe  
  18  1:04  Probe  
  19  1:16  Probe  
  20  1:25  Cybernetics Core  
  20  1:34  Nexus  
  20  1:36  Probe  
  21  1:44  Pylon  
  21  1:49  Probe  
  21  1:53  Adept  
  22  1:57  Assimilator  
  22  2:01  Probe  
  25  2:11  Warp Gate  
  25  2:13  Probe  
  25  2:14  Sentry  
  26  2:20  Pylon  
  26  2:25  Probe  
  29  2:37  Probe  
  29  2:42  Probe  
  29  2:43  Twilight Council  
  30  2:49  Probe  
  30  2:51  Probe  
  32  2:58  Phoenix  
  33  3:01  Blink, Probe x2  
  33  3:06  Stalker  
  35  3:13  Probe x2  
  35  3:15  Gateway  
  37  3:25  Probe x2  
  39  3:37  Probe x2  
  41  3:42  Robotics Facility  
  41  3:48  Gateway  
  41  3:49  Probe  
  41  3:50  Probe  
  43  4:01  Probe  
  43  4:02  Probe  
  45  4:07  Nexus  
  45  4:09  Pylon  
  45  4:10  Stalker  
  45  4:13  Probe  
  45  4:15  Probe  
  49  4:18  Stalker  
  49  4:20  Assimilator  
  49  4:22  Observer  
  51  4:25  Probe  
  51  4:27  Probe  
  54  4:34  Pylon  
  54  4:36  Pylon, Stalker  
  54  4:37  Probe  
  57  4:42  Forge, Stalker  
  57  4:43  Observer  
  60  4:51  Probe  
  61  4:53  Forge  
  61  4:56  Probe  
  61  4:59  Stalker x2  
  65  5:03  Probe  
  65  5:06  Charge  
  66  5:08  Probe  
  67  5:15  Pylon, Probe  
  67  5:19  Gateway, Pylon  
  68  5:21  Gateway  
  68  5:27  Protoss Ground Armor Level 1  
  68  5:31  Gateway  
  68  5:37  Probe x2  
  68  5:42  Probe  
  71  5:46  Zealot x2  
  71  5:47  Zealot  
  71  5:48  Protoss Ground Weapons Level 1  
  71  5:49  Probe x2  
  79  5:54  Probe  
  80  6:01  Probe  
  81  6:07  Stalker x2  
  81  6:08  Sentry  
  81  6:09  Probe  
  88  6:11  Pylon  
  88  6:13  Pylon  
  88  6:25  Gateway  
  88  6:27  Gateway  
  88  6:30  Shield Battery  
  88  6:31  Shield Battery  
  88  6:32  Shield Battery  
  88  6:38  Zealot x2  
  88  6:39  Zealot x4  
  100  7:00  Stalker  
  100  7:01  Stalker x5  
  110  7:23  Stalker x4  
  110  7:24  Stalker x3  
  124  7:36  Zealot  
  102  7:47  Zealot, Stalker x4  
  102  7:48  Zealot x2  
  101  8:09  Zealot x4  
  101  8:10  Zealot x4  
Tags
 
Add a new tag
Caveats
  • Supply blocks, unpowered buildings, or Contaminate may cause inaccurate times.
  • Supply counts are checked every 10 seconds.